 Dungeon Crawl Stone Soup version 0.21-a0-440-g28109cb (webtiles) character file.

1407 HAL9000 the Slicer (level 8, -4/38 HPs)
             Began as a Vine Stalker Assassin on Nov 10, 2017.
             Was an Initiate of Dithmenos.
             Slain by a mummy (13 damage)
             ... in an ossuary.
             The game lasted 00:14:46 (6296 turns).

HAL9000 the Slicer (Vine Stalker Assassin)          Turns: 6296, Time: 00:14:47

Health: -4/38      AC:  5    Str: 15    XL:     8   Next: 70%
Magic:  0/9        EV: 17    Int: 11    God:    Dithmenos [......]
Gold:   229        SH:  7    Dex: 22    Spells: 7/7 levels left

rFire    . . .     SeeInvis .   N - +0 dagger (venom)
rCold    + . .     Gourm    +   o - +1 buckler
rNeg     . . .     Faith    .   c - +0 robe
rPois    .         Spirit   +   V - +0 helmet
rElec    .         Reflect  .   d - +0 cloak
rCorr    .         Harm     .   F - +0 pair of gloves
MR       +....                  (no boots)
Stlth    ++++......             A - amulet of the gourmand
HPRegen  0.52/turn              D - ring of protection from cold
MPRegen  0.11/turn              (no ring)

@: agile
A: fangs 3, regeneration 1, magic shield, antimagic bite, no potion heal 3, rot
immunity
a: Renounce Religion


You were in an ossuary.
You worshipped Dithmenos.
Dithmenos was noncommittal.
You were not hungry.

You visited 2 branches of the dungeon, and saw 7 of its levels.
You also visited: Ossuary.

You collected 229 gold pieces.

Inventory:

Hand Weapons
 b - a +0 blowgun
 N - a +0 dagger of venom (weapon)
Missiles
 e - 60 poisoned needles
 f - 2 curare-tipped needles
 q - 6 tomahawks (quivered)
 S - 2 needles of confusion
Armour
 c - a +0 robe (worn)
 d - a +0 cloak (worn)
 o - a +1 buckler (worn)
 F - a +0 pair of gloves (worn)
 V - a +0 helmet (worn)
 X - the cursed +1 ring mail of Tartarus {rF++, unknown}
   (You found it on level 5 of the Dungeon)

   It greatly protects you from fire.
   It has a curse placed upon it.
Jewellery
 A - an amulet of the gourmand (around neck)
 D - a ring of protection from cold (left hand)
 W - an uncursed amulet of rage {unknown}
Wands
 L - a wand of confusion (15/48)
Scrolls
 E - a scroll of enchant armour
 G - a scroll of enchant weapon {unknown}
 P - 3 scrolls of identify
 R - 4 scrolls of immolation {unknown}
 U - a scroll of recharging {unknown}
 Y - a scroll of remove curse
Potions
 h - 3 potions of curing
 r - a potion of mutation
 x - a potion of might {unknown}
 O - 3 potions of flight {unknown}
Comestibles
 g - 5 bread rations
 m - 4 meat rations
 w - 5 royal jellies
 J - 4 fruits


   Skills:
 - Level 1.7 Fighting
 + Level 8.0 Short Blades
 - Level 1.7 Throwing
 - Level 0.7 Dodging
 - Level 4.8 Stealth
 - Level 5.3 Shields


You had 7 spell levels left.
You didn't know any spells.

Dungeon Overview and Level Annotations

Branches:
Dungeon (6/15)             Temple (1/1) D:5

Altars:
Ashenzari
Cheibriados
Dithmenos
Elyvilon
Fedhas
Gozag
Hepliaklqana
Kikubaaqudgha
Makhleb
Nemelex Xobeh
Okawaru
Qazlal
Ru
Trog
Uskayaw
Vehumet
Wu Jian
Xom
Yredelemnul
The Shining One


Innate Abilities, Weirdness & Mutations

You have razor-sharp teeth.
Your natural rate of healing is unusually fast.
When hurt, damage is shared between your health and your magic reserves.
Your bite disrupts and absorbs the magic of your enemies.
Potions cannot restore your health.
You are immune to rotting.


Message History

The mummy is lightly damaged.
You block the orc zombie's attack. The mummy hits you!
You hit the mummy but do no damage. Your bite misses the mummy.
The mummy is lightly damaged.
You block the mummy's attack. The kobold zombie closely misses you.
You barely miss the mummy. You bite the mummy. You drain its power.
You feel invigorated.
The mummy is moderately damaged.
The orc zombie completely misses you.
You hit the mummy.
The mummy is moderately damaged.
The mummy hits you!!
* * * LOW HITPOINT WARNING * * *
You hit the mummy but do no damage. Your bite misses the mummy.
The mummy is moderately damaged.
The mummy barely misses you. The orc zombie closely misses you.
You hit the mummy.
The mummy is heavily damaged.
You block the orc zombie's attack. The mummy misses you. The mummy hits you!
You die...

##....##
#....#
#....#
#....#
#....#
#....#
#.ZM.#


#ZMMZ# #ZM@.# ###### You could see 4 mummies, a hobgoblin zombie, a gnoll
zombie, a kobold zombie and an orc zombie.

Vanquished Creatures
  Sigmund (D:4)
  Eustachio (D:4)
  Edmund (D:4)
  A sky beast (D:5)
  2 ogres (D:4)
  A phantom (D:2)
  3 howler monkeys
  2 crimson imps
  2 orc wizards
  5 worker ants
  A hound skeleton (D:6)
  A mummy (Ossuary)
  5 gnolls
  11 adders
  An adder skeleton (D:4)
  3 worms
  5 dart slugs
  2 leopard geckos
  12 orcs
  2 ball pythons
  3 giant cockroaches
  A gnoll zombie (Ossuary)
  11 goblins
  5 hobgoblins
  3 quokkas
  8 bats
  3 frilled lizards
  5 kobolds
  3 kobold zombies (Ossuary)
  2 leopard gecko skeletons (D:4)
  A leopard gecko zombie (D:5)
  23 rats
130 creatures vanquished.

Notes
Turn   | Place    | Note
-------+----------+-------------------------------------------
     0 | D:1      | HAL9000 the Vine Stalker Assassin began the quest for the Orb.
     0 | D:1      | Reached XP level 1. HP: 11/11 MP: 2/2
    18 | D:1      | Reached skill level 2 in Short Blades
    45 | D:1      | Reached XP level 2. HP: 7/15 MP: 3/3
   631 | D:1      | Reached skill level 3 in Short Blades
   824 | D:1      | Reached XP level 3. HP: 18/18 MP: 4/4
  1069 | D:2      | Reached skill level 1 in Shields
  1174 | D:2      | Gained mutation: Your natural rate of healing is unusually fast. [Vine Stalker growth]
  1174 | D:2      | Reached XP level 4. HP: 23/23 MP: 5/5
  1540 | D:2      | Reached XP level 5. HP: 19/26 MP: 3/6
  1879 | D:2      | Noticed a phantom
  1932 | D:2      | Killed a phantom
  1932 | D:2      | Reached skill level 4 in Short Blades
  2207 | D:2      | Reached XP level 6. HP: 26/30 MP: 7/7
  3464 | D:4      | Found a blossoming altar of Fedhas.
  3488 | D:4      | Reached skill level 5 in Short Blades
  3552 | D:4      | Reached XP level 7. HP: 29/34 MP: 8/8
  3674 | D:4      | Noticed Sigmund
  3679 | D:4      | Killed Sigmund
  4019 | D:4      | Noticed Eustachio
  4026 | D:4      | Killed Eustachio
  4026 | D:4      | Reached skill level 6 in Short Blades
  4026 | D:4      | Reached skill level 5 in Shields
  4265 | D:4      | Gained mutation: You have razor-sharp teeth. [Vine Stalker growth]
  4265 | D:4      | Reached XP level 8. HP: 32/38 MP: 9/9
  4420 | D:4      | Noticed Edmund
  4477 | D:4      | Killed Edmund
  4685 | D:4      | Reached skill level 7 in Short Blades
  5032 | D:5      | Entered Level 5 of the Dungeon
  5504 | D:5      | Found a staircase to the Ecumenical Temple.
  5646 | D:5      | Got an ancient ring mail
  5660 | Temple   | Entered the Ecumenical Temple
  5849 | Temple   | Became a worshipper of Dithmenos the Shadowed
  6217 | D:6      | Found a sand-covered staircase.
  6226 | Ossuary  | Entered an ossuary
  6287 | Ossuary  | Reached skill level 8 in Short Blades
  6296 | Ossuary  | Slain by a mummy

Vault maps used:
D:1:      erik_arrival_orb_chamber
D:4:      fedhas_altar_4, uniq_edmund, uniq_eustachio, uniq_sigmund
D:5:      minmay_temple_entry_hall, first_bread
D:6:      gammafunk_temple_overflow_elements, basic_altar,
          lightli_ossuary_entry_decrepit_ruins
Temple:   regret_index_temple_chain_breaker
Ossuary:  ossuary_tomb_3

Skill      XL: |  1  2  3  4  5  6  7  8 |
---------------+-------------------------+-----
Short Blades   | 2 3 4 5 6 8 |  8.0
Shields        | 1 2 3 5 |  5.3
Fighting       | |  1.7
Throwing       | |  1.7
Dodging        | |  0.7
Stealth        | |  4.8

Action                   |  1- 3 |  4- 6 |  7- 9 || total
-------------------------+-------+-------+-------++-------
Melee: Dagger            |    83 |   218 |   167 ||   468
       Bite              |    24 |    67 |    57 ||   148
 Fire: Blowgun           |       |     1 |       ||     1
Throw: Tomahawk          |       |     1 |       ||     1
  Use: Scroll            |       |     5 |     3 ||     8
       Potion            |       |     1 |     1 ||     2
 Stab: Sleeping          |     7 |     5 |    12 ||    24
       Invisible         |       |     2 |       ||     2
       Distracted        |       |     1 |     1 ||     2
  Eat: Chunk             |     1 |    20 |     3 ||    24
Armor: Robe              |    17 |    24 |    15 ||    56
Dodge: Dodged            |    39 |    72 |    45 ||   156
Block: Buckler           |     3 |    40 |    37 ||    80

Table legend:
 A = Spawn XP
 B = Non-spawn XP
 C = Spawn XP percentage of total XP
 D = Spawn monster count
 E = Non-spawn monster count
 F = Spawn count percentage of total count
 G = Total turns spent on level
                    A         B        C        D         E        F      G
               +---------+---------+-------+---------+---------+-------+---------
         Total |       0 |    2010 |   0.0 |       0 |     130 |   0.0 |  6296
               +---------+---------+-------+---------+---------+-------+---------
           D:1 |       0 |      56 |   0.0 |       0 |      27 |   0.0 |  1021
           D:2 |       0 |     263 |   0.0 |       0 |      34 |   0.0 |  1448
           D:3 |       0 |     142 |   0.0 |       0 |      28 |   0.0 |   976
           D:4 |       0 |    1114 |   0.0 |       0 |      21 |   0.0 |  1587
           D:5 |       0 |     367 |   0.0 |       0 |      12 |   0.0 |   896
           D:6 |       0 |      45 |   0.0 |       0 |       3 |   0.0 |    88
       Ossuary |       0 |      23 |   0.0 |       0 |       5 |   0.0 |    70
               +---------+---------+-------+---------+---------+-------+---------
